 Dungeon Crawl Stone Soup version 0.30-a0-748-ge6a52f7cba (webtiles) character file.

Game seed: 9819566370497858423

186 Leeroy the Slasher (level 5, -2/38 HPs)
             Began as a Merfolk Gladiator on Feb 8, 2023.
             Was a Believer of Uskayaw.
             Slain by a worm (6 damage)
             ... on level 3 of the Dungeon.
             The game lasted 00:02:00 (1537 turns).

Leeroy the Slasher (Merfolk Gladiator)              Turns: 1537, Time: 00:02:00

Health: -2/38      AC:  9    Str: 14    XL:     5   Next: 66%
Magic:  5/5        EV: 12    Int:  7    God:    Uskayaw [**....]
Gold:   162        SH:  0    Dex: 18    Spells: 4/4 levels left

rFire   . . .      SeeInvis .    a - +0 long sword
rCold   + . .      Faith    .    (no shield)
rNeg    . . .      Spirit   .    q - +0 ring mail {rC+}
rPois   .          Reflect  .    c - +0 helmet
rElec   .          Harm     .    (no cloak)
rCorr   .          Rampage  .    k - +2 pair of gloves
Will    .....                    (no boots)
Stlth   +                        (no amulet)
HPRegen 0.26/turn                (no ring)
MPRegen 0.09/turn                (no ring)

@: lethally poisoned (-2 -> -4)
A: (nimble swimmer 2), mertail
a: Renounce Religion, Stomp, Line Pass


You were on level 3 of the Dungeon.
You worshipped Uskayaw.
Uskayaw was noncommittal.
You visited 1 branch of the dungeon, and saw 3 of its levels.

You collected 162 gold pieces.

Inventory:

Hand Weapons
 a - a +0 long sword (weapon)
Missiles
 d - 3 throwing nets (quivered)
 e - a javelin
 r - 2 poisoned darts
Armour
 b - a +0 leather armour
 c - a +0 helmet (worn)
 k - a +2 pair of gloves (worn)
 q - a +0 ring mail of cold resistance (worn)
Scrolls
 i - 2 scrolls of enchant armour {unknown}
 j - 2 scrolls of identify {unknown}
 n - a scroll of fog {unknown}
 s - a scroll of poison {unknown}
 t - a scroll of teleportation {unknown}
 u - a scroll of enchant weapon {unknown}
Potions
 f - a potion of brilliance {unknown}
 g - 2 potions of curing {unknown}
 h - 3 potions of flight {unknown}
 l - 2 potions of heal wounds {unknown}
 m - a potion of cancellation {unknown}
 o - a potion of degeneration {unknown}
 p - a potion of invisibility {unknown}


   Skills:
 - Level 2.1 Fighting
 + Level 7.4 Long Blades
 - Level 2.0 Throwing
 - Level 4.0 Dodging


You had 4 spell levels left.
You didn't know any spells.
Your spell library was empty.

Dungeon Overview and Level Annotations

Branches:
Dungeon (3/15)

Altars:
Fedhas
Uskayaw

Shops:
D:1 *

Annotations:
D:3 Sigmund


Innate Abilities, Weirdness & Mutations

((You are very nimble when in or above water. (Stealth+, EV+, Speed+++)))
Your lower body shifts to a powerful aquatic tail in water.


Message History

Things that are here:
a +0 mace; a +0 ring mail; an orc corpse The orc hits you with a +0 mace.
You hit the orc but do no damage. The orc closely misses you.
The orc barely misses you.
You slash the orc!
You kill the orc!
You barely miss the orc. The orc hits you with a +0 club.
You slash the orc!
You kill the orc!
The orc wizard hits you with a +0 dagger of venom.
You are poisoned.
Things that are here:
a +0 club; a +0 mace You slash the orc wizard!
The orc wizard is almost dead.
You feel very sick. The orc wizard closely misses you.
You can now pass through a line of other dancers.
You hit the orc wizard.
You kill the orc wizard!
You feel sick. The worm bites you.
You hit the orc.
The orc is severely wounded.
You feel sick. The orc hits you but does no damage. The worm bites you.
* * * LOW HITPOINT WARNING * * *
You barely miss the orc.
The orc is severely wounded.
You feel sick.
Sigmund mumbles some strange words.
Sigmund flickers and vanishes!
Deactivating autopickup; reactivate with Ctrl-A.
The orc misses you.
You hit the orc but do no damage.
The orc is severely wounded.
You feel sick. The worm barely misses you. The orc closely misses you.
You closely miss the orc.
The orc is severely wounded.
You feel sick. The orc hits you but does no damage. The worm bites you.
You die...

#..g@........#
#≈...
#.####.##.####
#.._.
#...........
#####
#.##.(..?...
#.#####.####
#{# .# #g# #
### #w# #..
#@# #.# #o#
#.# #.# #.#
#.# #.# #..
#.# ... #.#
### #.# #.#
#.#


You could see a worm, an orc and a goblin.

Vanquished Creatures
  A hound (D:3)
  3 orc wizards (D:3)
  3 adders (D:2)
  A dart slug (D:2)
  6 orcs (D:3)
  4 endoplasms
  2 giant cockroaches (D:1)
  5 hobgoblins
  3 jackals (D:1)
  3 kobolds
  2 quokkas
  4 bats
  A frilled lizard (D:2)
  5 goblins
  7 rats
50 creatures vanquished.

Notes
Turn   | Place    | Note
-------+----------+-------------------------------------------
     0 | D:1      | Leeroy the Merfolk Gladiator began the quest for the Orb.
     0 | D:1      | Reached XP level 1. HP: 16/16 MP: 1/1
    91 | D:1      | Reached skill level 4 in Long Blades
   255 | D:1      | Reached XP level 2. HP: 22/22 MP: 2/2
   303 | D:1      | Found Muikh's Assorted Antiques.
   782 | D:2      | Reached skill level 5 in Long Blades
   782 | D:2      | Reached XP level 3. HP: 27/27 MP: 3/3
  1082 | D:2      | Reached XP level 4. HP: 28/33 MP: 4/4
  1113 | D:2      | Found a blossoming altar of Fedhas.
  1320 | D:3      | Reached skill level 6 in Long Blades
  1331 | D:3      | Found a hide-covered altar of Uskayaw.
  1380 | D:3      | Reached XP level 5. HP: 25/38 MP: 5/5
  1392 | D:3      | Reached skill level 7 in Long Blades
  1441 | D:3      | Became a worshipper of Uskayaw the Reveller
  1505 | D:3      | Noticed Sigmund
  1524 | D:3      | Reached * piety under Uskayaw
  1532 | D:3      | Reached ** piety under Uskayaw
  1537 | D:3      | Slain by a worm

Illustrated notes

Levels and vault maps discovered:
D:1:      evilmike_arrival_fibonacci_small, layout_loops_ring, serial_shops,
          nicolae_shop_advertising_works [nicolae_subvault_shop_adworks],
          nicolae_concentric_dashed_squares_mild, minmay_split_cup_large
D:2:      layout_basic, basic_altar
D:3:      layout_loops_ring, nicolae_uskayaw_suspiria, uniq_sigmund

Skill      XL: |  1  2  3  4  5 |
---------------+----------------+-----
Long Blades    | 4 5 6 7 |  7.4
Fighting       | |  2.1
Throwing       | |  2.0
Dodging        | |  4.0

Action                     |  1- 3 |  4- 6 || total
---------------------------+-------+-------++-------
  Melee: Long sword        |    95 |    66 ||   161
         Punch             |     1 |     1 ||     2
   Stab: Sleeping          |     1 |       ||     1
 Armour: Leather armour    |    40 |     4 ||    44
         Ring mail         |       |    20 ||    20
  Dodge: Dodged            |    77 |    34 ||   111

Table legend: (Time is in decaauts)
 A = Elapsed time spent in this place.
 B = Non-inter-level travel time spent in this place.
 C = Inter-level travel time spent in this place.
 D = Time resting spent in this place.
 E = Time spent auto-exploring this place.
 F = Levels seen in this place.
 G = Mean time per level.
                   A        B        C        D        E       F      G
               +--------+--------+--------+--------+--------+-----+--------+
         Total |   1555 |   1490 |     65 |      0 |   1136 |   3 |  518.3 |
       Dungeon |   1555 |   1490 |     65 |      0 |   1136 |   3 |  518.3 |
               +--------+--------+--------+--------+--------+-----+--------+

Top non-repeatable levels by time:
     D:1: 765 daAuts
     D:2: 532 daAuts
     D:3: 258 daAuts
